 Dungeon Crawl Stone Soup version 0.23.0-3-gf3c87f2df8 (webtiles) character file.

Game seed: 5186027476616793118

58 Kass the Skirmisher (level 4, -2/37 HPs)
             Began as a Formicid Abyssal Knight on Feb 20, 2019.
             Was a Believer of Lugonu.
             Slain by an orc priest
             ... wielding a +0 trident
              (5 damage)
             ... on level 3 of the Dungeon.
             The game lasted 00:05:07 (1772 turns).

Kass the Skirmisher (Formicid Abyssal Knight)       Turns: 1772, Time: 00:05:07

Health: -2/37      AC:  5    Str: 17    XL:     4   Next: 21%
Magic:  5/6        EV: 11    Int: 12    God:    Lugonu [**....]
Gold:   51         SH:  0    Dex: 10    Spells: 3/3 levels left

rFire    . . .     SeeInvis +   a - +1 hand axe
rCold    . . .     Gourm    .   (no shield)
rNeg     . . .     Faith    .   b - +0 leather armour
rPois    .         Spirit   .   (helmet unavailable)
rElec    .         Reflect  .   (no cloak)
rCorr    .         Harm     .   (no gloves)
MR       .....                  (no boots)
Stlth    +.........             (no amulet)
HPRegen  0.12/turn              d - +2 ring of protection
MPRegen  0.10/turn              (no ring)

@: no status effects
A: permanent stasis, dig shafts and tunnels, four strong arms, antennae 3
a: Dig, Shaft Self, Depart the Abyss, Bend Space, Renounce Religion


You were on level 3 of the Dungeon.
You worshipped Lugonu.
Lugonu was pleased with you.
You were hungry.

You visited 1 branch of the dungeon, and saw 3 of its levels.
You visited the Abyss 1 time.

You collected 51 gold pieces.

Inventory:

Hand Weapons
 a - a +1 hand axe (weapon)
Armour
 b - a +0 leather armour (worn)
Jewellery
 d - a +2 ring of protection (left hand)
Scrolls
 e - 2 scrolls of identify {unknown}
 f - 2 scrolls of remove curse {unknown}
 g - a scroll of amnesia {unknown}
 h - a scroll of immolation {unknown}
 j - a scroll of fog {unknown}
Potions
 i - a potion of lignification {unknown}
Comestibles
 c - 5 rations


   Skills:
 + Level 4.1 Fighting
 + Level 2.4 Axes
 + Level 2.8 Armour
 + Level 1.4 Dodging
 + Level 2.6 Invocations


You had 3 spell levels left.
You didn't know any spells.
Your spell library was empty.

Dungeon Overview and Level Annotations

Branches:
Dungeon (2/15)

Altars:


Innate Abilities, Weirdness & Mutations

You cannot be hasted, slowed, berserked, paralysed or teleported.
You can dig through walls and to a lower floor.
Your four strong arms can wield two-handed weapons with a shield.
You have a pair of large antennae on your head. (SInv)


Message History

The orc is heavily wounded.
The orc priest hits you but does no damage.
The orc hits you with a +0 short sword.
You closely miss the orc.
The orc is heavily wounded.
The orc priest hits you from afar with a +0 trident!
* * * LOW HITPOINT WARNING * * *
The orc hits you with a +0 short sword.
* * * LOW HITPOINT WARNING * * *
You hit the orc.
You kill the orc!
Lugonu accepts your kill.
The orc priest hits you from afar with a +0 trident.
* * * LOW HITPOINT WARNING * * *
The orc priest closely misses you.
Items here: ! )) [ ††††
Okay, then.
Your leather armour prevents you from hitting the orc priest.
The orc priest hits you with a +0 trident.
You die...

# ... #.# #.####
#....####################
#......o@................
#.....################### {
#.....#.#############
#.######.....#.............#
#.(..........#.###########.#####
##.#####.#.#.#.#...# #......
#.#.....#.#.#.#.#.#############
#.......#.#.#.#.#.............#
#.#.###.#.#.#.#.#..##########.#


You could see an orc priest.

Vanquished Creatures
  An adder (D:3)
  3 dart slugs (D:1)
  A leopard gecko (D:3)
  3 orcs (D:3)
  5 bats
  3 giant cockroaches (D:1)
  3 goblins (D:1)
  4 hobgoblins
  6 jackals
  2 frilled lizards
  2 kobolds (D:1)
  5 rats
38 creatures vanquished.

Notes
Turn   | Place    | Note
-------+----------+-------------------------------------------
     0 | Abyss:1  | Kass the Formicid Abyssal Knight began the quest for the
                  | Orb.
     0 | Abyss:1  | Reached XP level 1. HP: 18/18 MP: 2/2
    24 | D:1      | Escaped the Abyss
   109 | D:1      | Reached XP level 2. HP: 24/24 MP: 3/3
   381 | D:1      | Reached skill level 1 in Dodging
   568 | D:1      | Reached XP level 3. HP: 30/30 MP: 4/4
   592 | D:1      | Reached skill level 4 in Fighting
  1390 | D:2      | You fall through a shaft!
  1453 | D:3      | Reached XP level 4. HP: 30/37 MP: 5/5
  1749 | D:3      | Reached ** piety under Lugonu
  1772 | D:3      | Slain by an orc priest

Skill      XL: |  1  2  3 |
---------------+----------+-----
Dodging        | 1 |  1.4
Fighting       | 4 |  4.1
Axes           | |  2.4
Armour         | |  2.8
Invocations    | |  2.6

Action                   |  1- 3 |  4- 6 || total
-------------------------+-------+-------++-------
Melee: Hand axe          |   106 |    31 ||   137
  Eat: Chunk             |     2 |       ||     2
Armor: Leather armour    |    37 |     8 ||    45
Dodge: Dodged            |    68 |    21 ||    89
